 Dungeon Crawl Stone Soup version 0.29.1-2-gbd0b4ee654 (webtiles) character file.

Game seed: 1801531788596204295

62343 Mitcholas the Warrior (level 14, -9/204 HPs)
             Began as a Minotaur Berserker on Nov 6, 2022.
             Was a High Priest of Trog.
             Mangled by a fenstrider witch (16 damage)
             ... on level 1 of the Swamp.
             The game lasted 01:15:26 (24950 turns).

Mitcholas the Warrior (Minotaur Berserker)         Turns: 24950, Time: 01:15:27

Health: -9/204     AC: 25    Str: 33    XL:     14   Next: 64%
Magic:  13/13      EV:  8    Int:  4    God:    Trog [*****.]
Gold:   1251       SH: 12    Dex: 10    Spells: 13/13 levels left

rFire   . . .      SeeInvis .   c - +3 flail (freeze)
rCold   . . .      Faith    +   y - +0 kite shield
rNeg    + . .      Spirit   .   Q - +8 plate armour of Terror {Drain rPois rN+ Will+}
rPois   +          Reflect  .   (helmet restricted)
rElec   .          Harm     .   K - scarf {repulsion}
rCorr   .          Rampage  .   (no gloves)
Will    +++..                   (no boots)
Stlth   ..........              h - amulet "Buuligo" {Faith Will+}
HPRegen 0.44/turn               p - ring of flight
MPRegen 0.13/turn               I - +6 ring of strength

@: berserking, flying, repel missiles, very quick
A: horns 2, retaliatory headbutt
a: Renounce Religion, Berserk, Trog's Hand, Brothers in Arms


You were on level 1 of the Swamp.
You worshipped Trog.
Trog was extremely pleased with you.
You visited 4 branches of the dungeon, and saw 18 of its levels.
You also visited: Sewer and Ossuary.

You collected 1308 gold pieces.
You spent 57 gold pieces at shops.

Inventory:

Hand Weapons
 c - a +3 flail of freezing (weapon)
 N - a +1 demon whip of venom
Missiles
 g - 3 datura-tipped darts
 n - 2 curare-tipped darts
 o - 35 poisoned darts (quivered)
 u - 16 boomerangs
 G - 8 atropa-tipped darts
 H - a throwing net
Armour
 y - a +0 kite shield (worn)
 K - a scarf of repulsion (worn)
 Q - the +8 plate armour of Terror (worn) {Drain rPois rN+ Will+}
   (You found it on level 4 of the Lair of Beasts)

   rPois:     It protects you from poison.
   rN:        It protects you from negative energy.
   Drain:     It drains your maximum health when unequipped.
   Will:      It increases your willpower.
Jewellery
 h - the amulet "Buuligo" (around neck) {Faith Will+}
   (You acquired it on level 5 of the Dungeon)

   [amulet of faith]

   It allows you to gain divine favour quickly.
   Will:      It increases your willpower.
 p - a ring of flight (left hand)
 I - a +6 ring of strength (right hand)
 L - a ring of protection from cold
 P - a ring of resist corrosion
Wands
 j - a wand of digging (6)
 t - a wand of mindburst (8)
 F - a wand of charming (14)
 J - a wand of flame (29)
Scrolls
 a - 3 scrolls of magic mapping
 e - 11 scrolls of teleportation
 v - 2 scrolls of poison
 w - 4 scrolls of blinking
 A - 4 scrolls of fog
 D - a scroll of fear
 M - 2 scrolls of enchant armour
Potions
 d - a potion of attraction {unknown}
 i - 16 potions of curing
 k - 2 potions of magic {unknown}
 l - 5 potions of mutation
 m - 9 potions of ambrosia
 q - 3 potions of flight
 r - 6 potions of haste
 s - 7 potions of might
 x - 3 potions of lignification
 z - 7 potions of heal wounds
 B - a potion of resistance {unknown}
 C - 3 potions of cancellation
 E - a potion of berserk rage
 R - 2 potions of invisibility
Miscellaneous
 b - a lightning rod (4/4)
 f - a tin of tremorstones (2/2)


   Skills:
 + Level 15.7 Fighting
 - Level 14.0 Maces & Flails
 + Level 15.5 Armour
 - Level 2.1 Dodging
 + Level 14.7 Shields
 - Level 8.0 Evocations


You had 13 spell levels left.
You didn't know any spells.
Your spell library was empty.

Dungeon Overview and Level Annotations

Branches:
Dungeon (11/15)            Temple (1/1) D:4            Lair (5/5) D:9
  Swamp (1/4) Lair:3       Spider (0/4) Lair:2        Slime (0/5) Lair:4
    Orc (0/2) D:10          Sewer (visited)         Ossuary (visited)

Altars:
Ashenzari
Cheibriados
Dithmenos
Elyvilon
Fedhas
Gozag
Hepliaklqana
Kikubaaqudgha
Makhleb
Nemelex Xobeh
Okawaru
Qazlal
Ru
Sif Muna
Trog
Uskayaw
Vehumet
Wu Jian
Xom
Yredelemnul
Zin
The Shining One
Jiyva

Shops:
D:3 [   D:9 =(

Annotations:
Lair:4 1 runed translucent door


Innate Abilities, Weirdness & Mutations

You have a pair of horns on your head.
You reflexively headbutt those who attack you in melee.


Message History

The fenstrider witch is moderately wounded.
The fenstrider witch points at you and mumbles some strange words.
You resist with almost no effort.
You sock the fenstrider witch! You freeze the fenstrider witch.
The fenstrider witch is heavily wounded.
The fenstrider witch hits you!
The fenstrider witch kicks you but does no damage.
You closely miss the fenstrider witch.
The fenstrider witch is heavily wounded.
The fenstrider witch gestures at you while chanting.
You resist with almost no effort.
The bunyip claws you but does no damage.
The bunyip claws you! The bunyip claws you!!
You barely miss the fenstrider witch.
The fenstrider witch is heavily wounded.
The fenstrider witch closely misses you.
The fenstrider witch kicks you.
* * * LOW HITPOINT WARNING * * *
A red film seems to cover your vision as you go berserk!
You feel yourself moving faster!
You feel mighty!
You block the fenstrider witch's attack.
The fenstrider witch kicks you but does no damage.
The fenstrider witch hits you!
* * * LOW HITPOINT WARNING * * *
The fenstrider witch kicks you but does no damage.
You closely miss the fenstrider witch. You headbutt the fenstrider witch!
The fenstrider witch is severely wounded.
You miss the fenstrider witch.
The fenstrider witch is severely wounded.
The fenstrider witch hits you but does no damage.
You block the fenstrider witch's attack.
You barely miss the fenstrider witch.
The fenstrider witch is severely wounded.
The bunyip claws you but does no damage.
The bunyip claws you!!
* * * LOW HITPOINT WARNING * * *
The bunyip claws you!!
* * * LOW HITPOINT WARNING * * *
The fenstrider witch hits you!
You die...

♣♣..♣♣ ♣..♣♣
♣..♣
♣♣♣♣♣♣♣♣~.♣
♣..~....~.♣
..~~♣~~~§.♣
~~~.~~.~~.♣
~~~~~~.~§.♣
♣~.~~~@?.♣
~~~..~xH~.♣
.♣♣♣♣>..~~♣
.?.!.~..~
♣.≈≈≈≈~.§..~
♣.≈≈≈≈~~~~.~≈≈
♣..≈≈≈≈≈≈≈≈~≈~
♣♣...§~...≈≈≈~


You could see a bunyip and a fenstrider witch.

Vanquished Creatures
  An eleionoma (Swamp:1)
  5 hydras
  Fannar (D:10)
  Erica (Lair:2)
  A catoblepas (Lair:1)
  A two-headed ogre (D:9)
  9 death yaks
  The ghost of hawla the Destroyer, a novice MeIE of Vehumet (D:9)
  Sonja (Lair:5)
  Amaemon (Lair:2)
  Nergalle (Lair:1)
  A goliath frog (Lair:5)
  An obsidian statue (Lair:4)
  A lindwurm (Lair:3)
  11 elephants
  A spectral centaur (D:9)
  6 black mambas
  An orange demon (Lair:2)
  23 cane toads
  Maggie (D:10)
  A rime drake (Lair:3)
  The ghost of KittyFluff the Cudgeller, a novice GrBe of Trog (D:5)
  9 komodo dragons
  2 polar bears (Lair:4)
  3 meliai (Lair:5)
  A hornet (Lair:4)
  A troll (D:6)
  A queen bee (Lair:5)
  A spectral meliai (D:9)
  6 tyrant leeches
  30 blink frogs
  19 dream sheep
  A centaur simulacrum (D:9)
  A spriggan (Lair:4)
  Sigmund (D:6)
  2 shadows
  6 wyverns
  28 yaks
  4 basilisks
  A vampire (D:10)
  2 steam dragons
  8 vampire mosquitoes
  Menkaure (D:7)
  An acid dragon (D:9)
  2 redbacks (Lair:2)
  8 water moccasins
  Duvessa (D:6)
  A meliai simulacrum (D:9)
  2 ice beasts
  A black bear (D:5)
  5 orc warriors
  8 centaurs
  35 wolves
  2 phantoms
  3 kobold brigands
  An elf zombie (Ossuary)
  15 bullfrogs
  A gnoll sergeant (D:9)
  2 necrophages (D:5)
  7 wights
  Dowan (D:6)
  36 killer bees
  7 electric eels
  2 jellies
  5 hounds
  A human zombie (Ossuary)
  4 orc priests
  An iguana (D:6)
  5 orc wizards
  A hound zombie (Ossuary)
  5 mummies
  4 gnolls (D:9)
  10 adders
  4 river rats (Sewer)
  A white imp (D:8)
  2 adder zombies (Ossuary)
  A dart slug (D:1)
  45 orcs
  9 ball pythons
  11 endoplasms
  3 giant cockroaches
  8 goblins
  4 hobgoblins
  8 jackals
  6 quokkas
  3 training dummies (D:9)
  3 bats
  8 frilled lizards
  3 gnoll zombies (Ossuary)
  7 goblin zombies (Ossuary)
  5 hobgoblin zombies (Ossuary)
  2 jackal zombies (Ossuary)
  31 kobolds
  3 kobold zombies (Ossuary)
  4 orc zombies (Ossuary)
  3 quokka zombies (Ossuary)
  4 rats
  2 rat zombies (Ossuary)
556 creatures vanquished.

Vanquished Creatures (collateral kills)
  3 elephants (Lair:1)
  A komodo dragon (Lair:1)
  A dream sheep (Lair:1)
  A kobold brigand (D:9)
6 creatures vanquished.

Vanquished Creatures (others)
  A bush (Lair:4)
  43 fungi
  89 plants
133 creatures vanquished.

Grand Total: 695 creatures vanquished

Notes
Turn   | Place    | Note
-------+----------+-------------------------------------------
     0 | D:1      | Mitcholas the Minotaur Berserker began the quest for the
                  | Orb.
     0 | D:1      | Reached XP level 1. HP: 19/19 MP: 0/0
   209 | D:1      | Reached XP level 2. HP: 18/26 MP: 1/1
   393 | D:1      | Found a faded altar of an unknown god.
   793 | D:1      | Reached skill level 5 in Maces & Flails
   959 | D:1      | Reached XP level 3. HP: 31/31 MP: 2/2
  1483 | D:2      | Identified the +9 short sword of the Boar {vorpal, Will+
                  | Int+2}
  1557 | D:2      | Found a sacrificial altar of Ru.
  1583 | D:2      | Reached ** piety under Trog
  1762 | D:2      | Reached XP level 4. HP: 36/39 MP: 3/3
  1980 | D:3      | Found Sustuf's Armour Emporium.
  2758 | D:3      | Found a snail-covered altar of Cheibriados.
  2771 | D:3      | Reached XP level 5. HP: 45/45 MP: 4/4
  2932 | D:4      | Noticed a phantom
  3005 | D:4      | Killed a phantom
  3144 | D:3      | Found a sparkling altar of Nemelex Xobeh.
  3223 | D:4      | Identified the +1 scale mail of the Thunderstorm {Fly rF++
                  | rC- SInv}
  3282 | D:4      | Found a staircase to the Ecumenical Temple.
  3314 | Temple   | Entered the Ecumenical Temple
  3755 | D:4      | Found a broken altar of Ashenzari.
  3778 | D:4      | Found a stormy altar of Qazlal.
  3799 | D:5      | Entered Level 5 of the Dungeon
  3875 | D:5      | Noticed a black bear
  3891 | D:5      | Killed a black bear
  3892 | D:5      | Reached XP level 6. HP: 51/51 MP: 5/5
  3924 | D:5      | Found a glowing golden altar of the Shining One.
  4025 | D:5      | Reached XP level 7. HP: 23/57 MP: 6/6
  4043 | D:5      | Reached skill level 10 in Maces & Flails
  4051 | D:5      | Found a glowing drain.
  4062 | Sewer    | Entered a sewer
  4275 | Sewer    | Reached *** piety under Trog
  4982 | D:5      | Reached XP level 8. HP: 41/64 MP: 7/7
  5190 | D:5      | Noticed KittyFluff's ghost (novice GrBe)
  5194 | D:5      | Found a runed translucent door.
  5771 | D:5      | Identified a scroll of acquirement
  5771 | D:5      | Acquired the amulet "Buuligo" {Faith Will+}
  5893 | D:5      | Killed KittyFluff's ghost
  5971 | D:6      | Noticed Duvessa
  5971 | D:6      | Noticed Dowan
  5982 | D:6      | Killed Dowan
  5987 | D:6      | Killed Duvessa
  6176 | D:6      | Noticed Sigmund
  6332 | D:6      | Found a sand-covered staircase.
  6347 | Ossuary  | Entered an ossuary
  6542 | Ossuary  | Reached **** piety under Trog
  6651 | Ossuary  | Reached XP level 9. HP: 62/71 MP: 8/8
  6761 | Ossuary  | Reached skill level 1 in Evocations
  7036 | D:6      | Killed Sigmund
  7173 | D:6      | Noticed a troll
  7184 | D:6      | Killed a troll
  7185 | D:6      | Reached skill level 5 in Fighting
  7839 | D:7      | Reached skill level 5 in Armour
  8076 | D:7      | Noticed Menkaure
  8096 | D:7      | Killed Menkaure
  8097 | D:7      | Reached skill level 1 in Shields
  8240 | D:7      | Found an opulent altar of Gozag.
  9647 | D:7      | Reached XP level 10. HP: 77/82 MP: 9/9
 10293 | D:8      | Found a bloodstained altar of Trog.
 10703 | D:8      | Reached ***** piety under Trog
 11034 | D:8      | Found a burning altar of Makhleb.
 11127 | D:9      | Noticed hawla's ghost (novice MeIE)
 11127 | D:9      | Noticed a spectral centaur warrior
 11127 | D:9      | Found a runed translucent gate.
 11127 | D:9      | Found a runed translucent gate.
 11127 | D:9      | Found a runed translucent gate.
 11198 | D:9      | Found Bouf's Firing Range.
 11203 | D:9      | Bought 5 atropa-tipped darts for 36 gold pieces
 11203 | D:9      | Bought 3 atropa-tipped darts for 21 gold pieces
 11450 | D:9      | Identified the ring of Cefuuz {Contam rElec rC- EV+4 Str+9}
 11487 | D:9      | Noticed a two-headed ogre
 11492 | D:9      | Killed a two-headed ogre
 11493 | D:9      | Reached skill level 5 in Shields
 11827 | D:9      | Found a staircase to the Lair.
 11830 | D:9      | Identified the +1 ring mail "Naerif" {Harm MP+9}
 12364 | D:9      | Found Haapevur's Jewellery Boutique.
 12444 | D:9      | Found a sacrificial altar of Ru.
 12620 | D:10     | Entered Level 10 of the Dungeon
 12729 | D:9      | Reached XP level 11. HP: 54/97 MP: 10/10
 13331 | D:10     | Noticed Fannar
 13342 | D:10     | Killed Fannar
 13715 | D:10     | Noticed Maggie
 13747 | D:10     | Killed Maggie
 14095 | D:10     | Found a staircase to the Orcish Mines.
 14393 | D:9      | Killed hawla's ghost
 14394 | D:9      | Reached skill level 10 in Fighting
 14527 | Lair:1   | Entered Level 1 of the Lair of Beasts
 14597 | Lair:1   | Noticed a four-headed hydra
 14610 | Lair:1   | Killed a four-headed hydra
 14611 | Lair:1   | Reached skill level 10 in Armour
 14660 | Lair:1   | Noticed Nergalle
 14668 | Lair:1   | Killed Nergalle
 14671 | Lair:1   | Reached skill level 5 in Evocations
 14798 | Lair:1   | Received a gift from Trog
 15395 | Lair:1   | Reached XP level 12. HP: 81/110 MP: 11/11
 15552 | Lair:1   | Noticed a catoblepas
 15561 | Lair:1   | Killed a catoblepas
 15562 | Lair:1   | Reached skill level 10 in Shields
 16493 | Lair:2   | Noticed Erica
 16514 | Lair:2   | Killed Erica
 16537 | Lair:2   | Found a hole to the Spider Nest.
 16733 | Lair:2   | Noticed an eight-headed hydra
 16752 | Lair:2   | Killed an eight-headed hydra
 17165 | Lair:2   | Noticed Amaemon
 17185 | Lair:2   | Killed Amaemon
 17288 | Lair:2   | Noticed a death yak
 17288 | Lair:2   | Noticed a death yak
 17288 | Lair:2   | Noticed a death yak
 17301 | Lair:2   | Killed a death yak
 17301 | Lair:2   | Noticed a death yak
 17307 | Lair:2   | Killed a death yak
 17314 | Lair:2   | Killed a death yak
 17319 | Lair:2   | Killed a death yak
 18069 | Lair:3   | Received a gift from Trog
 18070 | Lair:3   | Reached XP level 13. HP: 90/119 MP: 12/12
 18492 | Lair:3   | Found a staircase to the Swamp.
 19923 | Lair:4   | Identified the +1 robe "Himehic" {Str+4 Int+4}
 20209 | Lair:4   | Received a gift from Trog
 21687 | Lair:4   | Found a runed translucent door.
 21689 | Lair:4   | Noticed an acid blob
 21690 | Lair:4   | Found a viscous altar of Jiyva.
 21690 | Lair:4   | Found a staircase to the Slime Pits.
 21690 | Lair:4   | Noticed an acid blob
 21690 | Lair:4   | Noticed an acid blob
 22093 | Lair:4   | Found the +7 great mace "Undeadhunter" {disrupt, rN+}
 22321 | Lair:4   | Identified the +8 plate armour of Terror {Drain rPois rN+
                  | Will+}
 22325 | Lair:4   | Identified the +3 scale mail of Hummust {rElec rC- Dex+3}
 22389 | Lair:5   | Entered Level 5 of the Lair of Beasts
 22490 | Lair:5   | Reached XP level 14. HP: 120/133 MP: 13/13
 22740 | Lair:5   | Received a gift from Trog
 23026 | Lair:5   | Reached skill level 15 in Fighting
 23044 | Lair:5   | Noticed Sonja
 23054 | Lair:5   | Killed Sonja
 23269 | Lair:5   | Reached skill level 15 in Armour
 23786 | Lair:5   | Identified the +3 leather armour of Impressiveness {-Tele
                  | rElec rPois rC++}
 23989 | Lair:5   | Received a gift from Trog
 24777 | Swamp:1  | Entered Level 1 of the Swamp
 24936 | Swamp:1  | Noticed a fenstrider witch
 24950 | Swamp:1  | HP: 7/204 [bunyip (22)]
 24950 | Swamp:1  | Mangled by a fenstrider witch

Illustrated notes

Levels and vault maps discovered:
D:1:      matt_arrival_grand_opening, layout_basic,
          hellmonk_ecumenical_altar_lost_god, corner_web_ring,
          hangedman_abyss_or_decor_stabs, minmay_misc_feat_pillars
D:2:      layout_basic, basic_altar
D:3:      layout_basic, nicolae_overflow_hidden_temple, slow_altar_2,
          serial_shops, nicolae_shop_hallway_stairs, kennysheep_boxes
D:4:      layout_cave_pools, mainiacjoe_overflow_swirl,
          minmay_temple_entry_junction
D:5:      layout_basic, nicolae_tso_carved_into_rock,
          hellmonk_ghost_happy_afterlife, portal_sewer_entry_d
D:6:      layout_gridville, gup_ossuary_entry_pyramid, uniq_sigmund,
          uniq_duvessa
D:7:      layout_layer_cave, grunt_gozag_breadcrumbs, kennysheep_path_1,
          uniq_menkaure
D:8:      layout_basic, lightli_temple_of_fire, trog_hazing_becter
D:9:      layout_rooms, nicolae_ru_sacrificial_ziggurat, erik_lair_dragon,
          serial_shops, shop_statue, gammafunk_ghost_necromancy,
          nicolae_shop_firing_range
D:10:     layout_roguey, hiddenorc1_lemuel, nicolae_titane, uniq_maggie,
          uniq_fannar
D:11:     layout_cave_pools
Temple:   compressed_dpeg_triangle_lava_temple
Lair:1:   layout_small_grid, guppyfry_lair_drakes, lemuel_fruit_fields,
          serial_bayou_shore_a, serial_bayou_shore_b, uniq_nergalle
Lair:2:   layout_concentric_octagons, spider_nest_entry_webs, uniq_amaemon,
          uniq_erica
Lair:3:   layout_hall_layers, minmay_swamp_entry_worms, lemuel_fruit_tree
Lair:4:   statuecave_lemuel, layout_gridlike, slime_entry_2,
          grunt_forest_large_clearings, grunt_megastairs_5
Lair:5:   minmay_lair_end_frog_pond, layout_gridlike, special_room
          [special_room_bee], uniq_sonja
Swamp:1:  layout_falls_marsh, nicolae_swamp_long_stream

Skill      XL: |  1  2  3  4  5  6  7  8  9 10 11 12 13 14 |
---------------+-------------------------------------------+-----
Maces & Flails | 4 5 6 7 8 9 11 14 | 14.0
Fighting       | 4 6 9 11 12 14 15 | 15.7
Armour         | 6 8 10 12 14 15 | 15.5
Evocations     | 4 5 7 8 |  8.0
Shields        | 3 7 9 11 13 14 | 14.7
Dodging        | |  2.1

Action                   |  1- 3 |  4- 6 |  7- 9 | 10-12 | 13-15 || total
-------------------------+-------+-------+-------+-------+-------++-------
Melee: Mace              |    82 |   102 |   401 |       |       ||   585
       Headbutt          |    11 |    17 |    60 |    98 |   156 ||   342
       Punch             |     1 |     1 |     7 |       |       ||     9
       Flail             |       |       |     4 |   492 |   753 ||  1249
       Demon whip        |       |       |       |    38 |       ||    38
Throw: Stone             |       |       |       |     3 |       ||     3
       Dart              |       |       |       |     7 |       ||     7
Invok: Berserk           |       |     1 |     5 |     6 |     8 ||    20
       Trog's Hand       |       |       |     3 |     5 |     2 ||    10
       Brothers in Arms  |       |       |       |     1 |       ||     1
Evoke: Wand              |       |       |       |     2 |       ||     2
  Use: Scroll            |       |     4 |    12 |     5 |     6 ||    27
 Stab: Distracted        |       |       |       |       |     1 ||     1
Armor: Plate armour      |    42 |    57 |   200 |   196 |   330 ||   825
       Scale mail        |     1 |       |       |       |       ||     1
Dodge: Dodged            |    23 |    43 |    90 |   116 |   214 ||   486
       Repelled          |       |       |       |     1 |     1 ||     2
Block: Kite shield       |       |       |    18 |   209 |   385 ||   612
